 Dungeon Crawl Stone Soup version 0.31-a0-182-gc5ef74bbde (webtiles) character file.

Game seed: 8633793876849831140

359 qw the Chopper (level 6, -1/38 HPs)
             Began as a Gargoyle Fighter on June 21, 2023.
             Constricted to death by a tentacled monstrosity (8 damage)
             ... on level 1 of the Abyss.
             The game lasted 00:01:30 (2490 turns).

qw the Chopper (Gargoyle Fighter)                   Turns: 2490, Time: 00:01:31

Health: -1/38      AC: 11    Str: 21    XL:     6   Next: 65%
Magic:  6/6        EV:  6    Int:  9    God:
Gold:   168        SH:  5    Dex: 15    Spells: 5/5 levels left

rFire   . . .        Y - +3 war axe
rCold   . . .        c - +0 buckler
rNeg    + . .        b - +0 scale mail
rPois   inf          (no helmet)
rElec   +            (no cloak)
rCorr   .            (no gloves)
SInv    .            (no boots)
Will    .....        (no amulet) Stlth
                     j - +6 ring of dexterity
HPRegen 0.26/turn    (no ring)
MPRegen 0.10/turn

%: no passive effects
@: constricted
A: sickness immunity, AC +4, negative energy resistance 1, electricity
resistance, torment resistance 1, petrification resistance
a: no special abilities


You were on level 1 of the Abyss.
You visited 1 branch of the dungeon, and saw 4 of its levels.
You visited the Abyss 1 time.

You collected 168 gold pieces.


Innate Abilities, Weirdness & Mutations

You are immune to sickness and miasma.
Your stone body is resilient. (AC +4)
You are immune to poison.
You resist negative energy. (rN+)
You are resistant to electric shocks. (rElec)
You are resistant to unholy torment.
You are immune to petrification.


   Skills:
 - Level 4.0 Fighting
 + Level 5.7 Axes
 - Level 3.2 Armour
 - Level 1.0 Dodging
 - Level 3.2 Shields


You had 5 spell levels left.
You didn't know any spells.
Your spell library was empty.

Inventory:

Hand Weapons
 m - a +0 morningstar
 Y - a +3 war axe (weapon)
Armour
 b - a +0 scale mail (worn)
 c - a +0 buckler (worn)
Jewellery
 j - a +6 ring of dexterity (left hand)
Scrolls
 i - 2 scrolls of teleportation
 k - a scroll of enchant armour
Potions
 a - a potion of curing {unknown}
 d - a potion of might
 f - a potion of attraction {unknown}
 g - a potion of degeneration {unknown}
 h - a potion of invisibility {unknown}
 l - a potion of heal wounds

Dungeon Overview and Level Annotations

Branches:
Dungeon (4/15)
 Temple: D:4-7

Altars:

Annotations:
D:3 1 runed translucent door, Robin; qw's ghost, amateur NaHu


Message History

Things that are here:
a +0 dagger; a hobgoblin corpse
Enter note:
Enter note:
Enter note:
Enter note:
Enter note:
Enter note:
Enter note:
Enter note:
Enter note:
Enter note:
Enter note:
Enter note: You slash Robin!
Robin is heavily wounded.
Robin completely misses you.
You hit Robin.
Robin is heavily wounded.
Robin hits you with a +4 trident of distortion!
You are cast into the Abyss!
This branch contains the abyssal rune of Zot.
Waypoint 4 assigned to Abyss:1.
You start resting.
A tentacled monstrosity comes into view.
2484 ||| Stepping ~*~*~tactically~*~*~ (stealth).
You start resting.
A tentacled monstrosity is nearby!
You hit the tentacled monstrosity but do no damage.
The tentacled monstrosity tentacle-slaps you but does no damage.
The tentacled monstrosity tentacle-slaps you.
You block the tentacled monstrosity's attack.
The tentacled monstrosity grabs you.
The tentacled monstrosity constricts you!
You barely miss the tentacled monstrosity.
The tentacled monstrosity tentacle-slaps you!
The tentacled monstrosity barely misses you.
The tentacled monstrosity tentacle-slaps you.
The tentacled monstrosity constricts you!
You die...

### #.#
#.# #.#
#.# #.#
#.#
#.#####
#.@...#
#.X.#.#
#.....
#.#...#
#.....#
#.#...##
.#..##.
. .# #.


You could see a tentacled monstrosity.

Vanquished Creatures
  Menkaure (D:4)
  A hound (D:4)
  A jelly (D:4)
  A sleepcap (D:4)
  5 adders
  3 worms
  A dart slug (D:2)
  9 orcs (D:3)
  4 ball pythons
  6 bats
  6 endoplasms
  4 giant cockroaches
  11 goblins
  18 hobgoblins
  6 kobolds
  3 frilled lizards
  4 rats
84 creatures vanquished.

Notes
Turn   | Place    | Note
-------+----------+-------------------------------------------
     0 | D:1      | qw the Gargoyle Fighter began the quest for the Orb.
     0 | D:1      | Reached XP level 1. HP: 14/14 MP: 1/1
     0 | D:1      | 0 ||| qw: Version: 0.3-a-9-g12657ce
     0 | D:1      | 0 ||| qw: Game counter: 1531
     0 | D:1      | 0 ||| qw: Always use a shield: true
     0 | D:1      | 0 ||| qw: God list: Okawaru
     0 | D:1      | 0 ||| qw: Allow faded altars: false
     0 | D:1      | 0 ||| qw: Do Orc after D:15 true
     0 | D:1      | 0 ||| qw: Do second Lair branch before Depths: true
     0 | D:1      | 0 ||| qw: Lair rune preference: random
     0 | D:1      | 0 ||| qw: Plans: Normal, Zot:1-4, Slime:5, God:TSO, Crypt,
                  | Tomb, Abyss, Pan, Hells, Win
     0 | D:1      | 0 ||| PLANNING D:1-11
    13 | D:1      | 13 ||| Stepping ~*~*~tactically~*~*~ (stealth).
    19 | D:1      | Reached skill level 2 in Axes
    32 | D:1      | Reached XP level 2. HP: 13/19 MP: 2/2
   166 | D:1      | 166 ||| DROPPING +0 club.
   580 | D:1      | Reached skill level 3 in Axes
   765 | D:1      | 765 ||| DROPPING amulet of magic regeneration.
   766 | D:1      | 766 ||| UPGRADING to +6 ring of dexterity.
   767 | D:1      | 767 ||| READING scroll labelled SEBOILUFFI.
   768 | D:1      | 768 ||| READING scroll labelled DAWNAFF OGED.
   769 | D:1      | 769 ||| READING scroll labelled EREH QYILA.
   770 | D:1      | 770 ||| READING scroll labelled ESHYMA JOBB.
   771 | D:1      | 771 ||| READING scroll labelled ZOSEOWKIRU.
   812 | D:2      | 812 ||| STAIRDANCE
   818 | D:1      | Reached XP level 3. HP: 20/23 MP: 3/3
   903 | D:2      | Reached skill level 1 in Dodging
   909 | D:2      | 909 ||| Stepping ~*~*~tactically~*~*~ (stealth).
   911 | D:2      | 911 ||| Stepping ~*~*~tactically~*~*~ (stealth).
  1061 | D:2      | Reached XP level 4. HP: 28/28 MP: 4/4
  1142 | D:2      | You fall into a shaft and drop 2 floors!
  1219 | D:4      | 1219 ||| READING scroll of enchant weapon.
  1219 | D:4      | 1219 ||| ENCHANTING +1 war axe.
  1236 | D:4      | Reached skill level 4 in Axes
  1435 | D:4      | Reached XP level 5. HP: 32/32 MP: 5/5
  1483 | D:4      | 1483 ||| DROPPING scarf of invisibility.
  1484 | D:4      | 1484 ||| READING scroll labelled FUNECHIUDGH.
  1485 | D:4      | 1485 ||| READING scroll labelled GUTOHI SYNUIH.
  1486 | D:4      | 1486 ||| READING scroll labelled NILUFU WOFIEVA.
  1490 | D:4      | Noticed Menkaure
  1495 | D:4      | Killed Menkaure
  1496 | D:4      | Reached skill level 5 in Axes
  1496 | D:4      | Reached XP level 6. HP: 37/37 MP: 6/6
  1524 | D:3      | 1524 ||| Stepping ~*~*~tactically~*~*~ (stealth).
  1580 | D:3      | 1580 ||| DROPPING +0 whip.
  1887 | D:2      | 1887 ||| READING scroll of enchant weapon.
  1887 | D:2      | 1887 ||| ENCHANTING +2 war axe.
  1902 | D:2      | 1902 ||| DROPPING ring of magical power.
  2021 | D:3      | Identified the +10 whip of Eternal War {vamp, *Rage rPois
                  | rN+++ Dex-3}
  2033 | D:3      | Found a runed translucent door.
  2034 | D:3      | Noticed qw's ghost (amateur NaHu)
  2085 | D:3      | 2085 ||| DRINKING 2 fuming puce potions.
  2237 | D:3      | 2237 ||| FLEEEEING.
  2238 | D:3      | 2238 ||| FLEEEEING.
  2239 | D:3      | 2239 ||| FLEEEEING.
  2254 | D:3      | 2254 ||| DROPPING +0 flail.
  2375 | D:3      | 2375 ||| Stepping ~*~*~tactically~*~*~ (stealth).
  2383 | D:3      | 2383 ||| Stepping ~*~*~tactically~*~*~ (stealth).
  2393 | D:3      | 2393 ||| Stepping ~*~*~tactically~*~*~ (stealth).
  2397 | D:3      | Noticed Robin
  2411 | Abyss:1  | Cast into level 1 of the Abyss (Robin)
  2483 | Abyss:1  | Noticed a tentacled monstrosity
  2484 | Abyss:1  | 2484 ||| Stepping ~*~*~tactically~*~*~ (stealth).
  2490 | Abyss:1  | HP: 9/38 [tentacled monstrosity (13)]
  2490 | Abyss:1  | Constricted to death by a tentacled monstrosity

Levels and vault maps discovered:
D:1:      ebering_hopf_link, layout_rooms, nicolae_hexahallways,
          minmay_misc_feat_four_crosses
D:2:      layout_loops_ring
D:3:      layout_basic, ebering_ghost_sewer_f, serial_glass, glass_columns_c,
          glass_columns_c, uniq_robin
D:4:      layout_layer_cave, grunt_ministairs_6, uniq_menkaure
Abyss:1:  base:
D:3

Skill      XL: |  1  2  3  4  5  6 |
---------------+-------------------+-----
Axes           | 2 3 4 5 |  5.7
Dodging        | 1 |  1.0
Fighting       | 4 |  4.0
Armour         | |  3.2
Shields        | |  3.2

Action                     |  1- 3 |  4- 6 || total
---------------------------+-------+-------++-------
  Melee: War axe           |    93 |   108 ||   201
    Use: Scroll            |     5 |     5 ||    10
         Potion            |       |     1 ||     1
 Armour: Scale mail        |    50 |    31 ||    81
  Dodge: Dodged            |    27 |    34 ||    61
  Block: Buckler           |    18 |    25 ||    43

Table legend:
 A = Non-vault XP
 B = Vault XP
 C = Vault XP percentage of total XP
 D = Non-vault monster count
 E = Vault monster count
 F = Vault count percentage of total count
                 A         B        C        D         E       F
            +---------+---------+-------+---------+---------+-------
      Total |     249 |     265 |  51.6 |      72 |      12 |  14.3
            +---------+---------+-------+---------+---------+-------
        D:1 |      44 |       0 |   0.0 |      18 |       0 |   0.0
        D:2 |      49 |       0 |   0.0 |      18 |       0 |   0.0
        D:3 |      77 |      17 |  18.1 |      28 |       9 |  24.3
        D:4 |      79 |     248 |  75.8 |       8 |       3 |  27.3
            +---------+---------+-------+---------+---------+-------
